 Dungeon Crawl Stone Soup version 0.26.1-11-gd32895ea62 (webtiles) character file.

Game seed: 5169611144925011553

462 ubername the Magician (level 7, -1/49 HPs)
             Began as a Barachi Hedge Wizard on June 15, 2021.
             Slain by a sky beast (3 damage)
             ... on level 4 of the Dungeon.
             The game lasted 00:13:45 (6334 turns).

ubername the Magician (Barachi Hedge Wizard)        Turns: 6334, Time: 00:13:45

Health: -1/49      AC:  4    Str: 11    XL:     7   Next: 7%
Magic:  4/15       EV: 13    Int: 17    God:
Gold:   243        SH:  0    Dex: 11    Spells: 13/16 levels left

rFire    . . .     SeeInvis .   a - +3 dagger (venom)
rCold    . . .     Faith    .   (no shield)
rNeg     . . .     Spirit   .   b - +1 robe
rPois    .         Reflect  .   c - +0 hat
rElec    .         Harm     .   e - +0 cloak
rCorr    .         Rampage  .   (no gloves)
Will     .....                  (no boots)
Stlth    +++.......             (no amulet)
HPRegen  0.16/turn              m - ring of stealth
MPRegen  0.14/turn              (no ring)

@: very slightly contaminated, slow
A: +LOS, swims, slowness 1, strong legs 1
a: Hop


You were on level 4 of the Dungeon.
You visited 1 branch of the dungeon, and saw 6 of its levels.

You collected 243 gold pieces.

Inventory:

Hand Weapons
 a - a +3 dagger of venom (weapon)
 d - a +0 hunting sling
 r - a cursed +0 hunting sling
Missiles
 h - 42 sling bullets
 i - 4 boomerangs (quivered)
 p - 6 atropa-tipped darts
Armour
 b - a +1 robe (worn)
 c - a +0 hat (worn)
 e - a +0 cloak (worn)
 u - the +3 leather armour of the Serpent {-Tele Rampage rC+ Dex+4}
   (You found it on level 4 of the Dungeon)

   It affects your dexterity (+4).
   It protects you from cold.
   It prevents most forms of teleportation.
   It bestows one free step when moving towards enemies.
Magical Staves
 s - an uncursed staff of earth
Jewellery
 m - a ring of stealth (left hand)
Wands
 n - a wand of paralysis (3)
Scrolls
 f - 2 scrolls of remove curse
 g - 2 scrolls of teleportation
 k - a scroll of identify
 l - 4 scrolls of enchant weapon
 o - a scroll of blinking
 t - a scroll of noise
Potions
 j - 3 potions of curing
 q - a potion of flight {unknown}


   Skills:
 + Level 1.7 Fighting
 - Level 0.7 Short Blades
 + Level 3.1 Throwing
 + Level 3.2 Dodging
 + Level 2.3 Stealth
 * Level 5.4 Spellcasting
 * Level 3.0 Conjurations
 - Level 1.2 Summonings
 + Level 1.4 Translocations


You had 13 spell levels left.
You knew the following spells:

 Your Spells              Type           Power        Failure   Level
a - Magic Dart            Conj           60%          3%          1
b - Blink                 Tloc           N/A          12%         2

Your spell library contained the following spells:

 Spells                   Type           Power        Failure   Level
 Apportation              Tloc           18%          8%          1
 Summon Small Mammal      Summ           32%          9%          1
 Call Imp                 Summ           8%           13%         2
 Animate Skeleton         Necr           8%           14%         1
 Corona                   Hex            4%           14%         1
 Slow                     Hex            4%           21%         2
 Conjure Flame            Conj/Fire      9%           22%         3
 Mephitic Cloud           Conj/Pois/Air  8%           26%         3


Dungeon Overview and Level Annotations

Branches:
Dungeon (6/15)
 Temple: D:4-7

Altars:
Elyvilon
Okawaru
Xom

Annotations:
D:4 2 transporters, nothank2's ghost, amateur DsFE


Innate Abilities, Weirdness & Mutations

You can be seen from farther away. (+LOS)
You can swim through water.
You cover ground slowly.
You can hop short distances.


Message History

You miscast Blink.
You are very lightly contaminated with residual magic.
Nothing appears to happen.
The sky beast barely misses you.
Casting: Blink (safe; 12% risk of failure)
Confirm with . or Enter, or press ? or * to list all spells.
You blink.
Casting: Blink (safe; 12% risk of failure)
Confirm with . or Enter, or press ? or * to list all spells.
You blink.
The sky beast hits you.
* * * LOW HITPOINT WARNING * * *
The sky beast shocks you.
* * * LOW HITPOINT WARNING * * *
Casting: Blink (safe; 12% risk of failure)
Confirm with . or Enter, or press ? or * to list all spells.
You blink.
The sky beast hits you but does no damage.
The sky beast hits you but does no damage.
There is a stone staircase leading down here.
The sky beast hits you.
You die...

######### #........ ##########
#.####### #........# #.....# #
#.######.###### ###.### # #.#
#.........# #.#.# # #.#
#..#.####.######.#.### #.#
#..#.................. ###### #.#
#..#.@###.##.......##.
.....###.###..#Y.###.##.###.#.##.
#...........................#....
#.##.###.####.##.###.#..###.#.##.
.........####.##.##.....##..#....
########......##.....#..##..#.<..
### ######...............#.###
..######## #....###........#.#
..'......# #.#### #.#..##..#.#


You could see a sky beast.

Vanquished Creatures
  Menkaure (D:4)
  An ogre (D:4)
  A centaur skeleton (D:4)
  An iguana (D:4)
  A hound zombie (D:3)
  A hound skeleton (D:4)
  A gnoll (D:1)
  5 adders
  An ooze (D:2)
  3 worms
  A dart slug (D:1)
  3 leopard geckos
  6 orcs
  A ball python (D:1)
  7 bats
  2 giant cockroaches
  13 goblins
  7 hobgoblins
  21 jackals
  4 kobolds
  A quokka (D:3)
  7 frilled lizards
  6 rats
95 creatures vanquished.

Notes
Turn   | Place    | Note
-------+----------+-------------------------------------------
     0 | D:1      | ubername the Barachi Hedge Wizard began the quest for the
                  | Orb.
     0 | D:1      | Reached XP level 1. HP: 13/13 MP: 4/4
   282 | D:1      | Reached XP level 2. HP: 10/19 MP: 1/6
   556 | D:1      | Reached skill level 4 in Spellcasting
   556 | D:1      | Reached XP level 3. HP: 14/24 MP: 4/8
  2041 | D:2      | Reached skill level 1 in Throwing
  2041 | D:2      | Reached XP level 4. HP: 30/30 MP: 10/10
  2046 | D:2      | Found a shimmering altar of Xom.
  3665 | D:3      | Reached XP level 5. HP: 28/36 MP: 9/11
  4916 | D:4      | Learned a level 2 spell: Blink
  4931 | D:4      | You fall into a shaft and drop 2 floors!
  4935 | D:6      | Noticed an ogre
  4949 | D:5      | Entered Level 5 of the Dungeon
  4951 | D:5      | Found a white marble altar of Elyvilon.
  4952 | D:5      | Noticed an ogre
  5099 | D:4      | Found a transporter.
  5099 | D:4      | Noticed nothank2's ghost (amateur DsFE)
  5127 | D:4      | Found a transporter.
  5311 | D:4      | Killed an ogre
  5312 | D:4      | Reached skill level 1 in Fighting
  5312 | D:4      | Reached skill level 5 in Spellcasting
  5312 | D:4      | Reached XP level 6. HP: 43/43 MP: 4/13
  5473 | D:4      | Got a transparent leather armour
  5484 | D:4      | Identified the +3 leather armour of the Serpent {-Tele
                  | Rampage rC+ Dex+4} (You found it on level 4 of the Dungeon)
  5650 | D:4      | Found an iron altar of Okawaru.
  5939 | D:4      | Noticed Menkaure
  5949 | D:4      | Killed Menkaure
  5950 | D:4      | Reached XP level 7. HP: 17/49 MP: 5/15
  6330 | D:4      | HP: 2/49 [sky beast (5)]
  6334 | D:4      | Slain by a sky beast

Illustrated notes

Levels and vault maps discovered:
D:1:      wander_arrival_lonely_grave, layout_basic
D:2:      layout_basic, overflow_temple_1_default
D:3:      layout_loops_corners
D:4:      layout_basic, overflow_temple_1_default, gammafunk_ghost_mausoleum,
          serial_bayou_pond_d, uniq_menkaure
D:5:      layout_basic, minmay_overflow_temple_star_hex, elyvilon_altar_4
D:6:      layout_basic, kiku_gazebo_pond_becter, gammafunk_ghost_split,
          nicolae_ru_great_annihilating_truth

Skill      XL: |  1  2  3  4  5  6 |
---------------+-------------------+-----
Spellcasting   | 4 5 |  5.4
Throwing       | 1 2 3 |  3.1
Stealth        | 2 |  2.3
Conjurations   | 2 3 |  3.0
Fighting       | 1 |  1.7
Dodging        | 3 |  3.2
Short Blades   | |  0.7
Summonings     | |  1.2
Translocations | |  1.4

Action                   |  1- 3 |  4- 6 |  7- 9 || total
-------------------------+-------+-------+-------++-------
Melee: Dagger            |    45 |   111 |     8 ||   164
Throw: Boomerang         |    39 |    97 |     4 ||   140
 Cast: Magic Dart        |    37 |    35 |     2 ||    74
       Blink             |       |     9 |     5 ||    14
  Use: Scroll            |     3 |     6 |       ||     9
       Potion            |     2 |     3 |       ||     5
Armor: Robe              |    17 |    23 |     8 ||    48
Dodge: Dodged            |    49 |    90 |     3 ||   142
